 Dungeon Crawl Stone Soup version 0.28-a0-1142-gc8569940dd (webtiles) character file.

Game seed: 15362327895091723885

158 LadyOphelia the Skirmisher (level 5, -4/46 HPs)
             Began as a Draconian Cinder Acolyte on Dec 13, 2021.
             Was an Elder of Ignis.
             Slain by an ogre (13 damage)
             ... on level 4 of the Dungeon.
             The game lasted 00:09:14 (3897 turns).

LadyOphelia the Skirmisher (DrCA)                   Turns: 3897, Time: 00:09:15

Health: -4/46      AC: 12    Str: 18    XL:     5   Next: 16%
Magic:  6/6        EV: 15    Int: 14    God:    Ignis [****..]
Gold:   130        SH:  0    Dex:  7    Spells: 6/6 levels left

rFire   + + .      SeeInvis .   a - -1 spear (flame)
rCold   x . .      Faith    .   (no shield)
rNeg    . . .      Spirit   .   (armour unavailable)
rPois   .          Reflect  .   (helmet restricted)
rElec   .          Harm     .   (no cloak)
rCorr   .          Rampage  .   (no gloves)
Will    .....                   (no boots)
Stlth   +.........              (no amulet)
HPRegen 0.15/turn               n - ring of fire
MPRegen 0.10/turn               v - +4 ring of evasion

@: fiery-armoured
A: AC +5, unfitting armour, cold-blooded
a: Renounce Religion, Fiery Armour, Foxfire Swarm, Rising Flame


You were on level 4 of the Dungeon.
You worshipped Ignis.
Ignis was greatly pleased with you.
You visited 1 branch of the dungeon, and saw 4 of its levels.

You collected 130 gold pieces.

Inventory:

Hand Weapons
 a - a -1 spear of flaming (weapon)
Jewellery
 n - a ring of fire (left hand)
 v - a +4 ring of evasion (right hand)
Scrolls
 f - a scroll of enchant armour {unknown}
 g - a scroll of magic mapping {unknown}
 i - a scroll of silence {unknown}
 j - a scroll of blinking {unknown}
 k - 2 scrolls of vulnerability {unknown}
 l - 2 scrolls of noise {unknown}
 o - a scroll of torment
 q - 2 scrolls of teleportation
 s - a scroll of fog {unknown}
 u - 2 scrolls of amnesia {unknown}
Potions
 b - a potion of attraction {unknown}
 c - 2 potions of mutation {unknown}
 d - a potion of flight {unknown}
 e - a potion of brilliance {unknown}
 h - 2 potions of curing {unknown}
 m - a potion of haste {unknown}
 p - a potion of magic {unknown}
 r - a potion of lignification {unknown}
 t - a potion of heal wounds {unknown}


   Skills:
 + Level 4.3 Fighting
 + Level 4.3 Polearms
 + Level 1.9 Dodging
 + Level 1.1 Stealth
 + Level 1.0 Spellcasting
 + Level 3.1 Fire Magic


You had 6 spell levels left.
You didn't know any spells.
Your spell library contained the following spells:

 Spells                   Type           Power      Damage    Failure   Level
 Scorch                   Fire           28%        2d6       11%         2


Dungeon Overview and Level Annotations

Branches:
Dungeon (4/15)
 Temple: D:4-7

Altars:
Ashenzari

Annotations:
D:3 Natasha


Innate Abilities, Weirdness & Mutations

Your plain brown scales are hard. (AC +5)
You cannot fit into any form of body armour.
You are cold-blooded and may be slowed by cold attacks.


Message History

You hit the ball python. You burn the ball python.
You kill the ball python!
You see here a ball python corpse.
Found a stone staircase leading down.
You now have 109 gold pieces (gained 6).
You now have 121 gold pieces (gained 12).
You now have 130 gold pieces (gained 9).
An ogre comes into view. It is wielding a +0 giant club.
Found 13 gold pieces.
The ogre shouts!
An ogre is nearby!
Found a scroll labelled TEDUIB NO OSUI.
You reach to attack!
You hit the ogre but do no damage. You hit the ogre but do no damage.
The ogre hits you with a +0 giant club!!
You hit the ogre. You burn the ogre.
The ogre is lightly wounded.
The ogre barely misses you.
You barely miss the ogre.
The ogre is lightly wounded.
You hit the ogre. You burn the ogre.
The ogre is moderately wounded.
The ogre hits you with a +0 giant club!!
* * * LOW HITPOINT WARNING * * *
You are too injured to fight recklessly!
You are too injured to fight recklessly!
A protective cloak of flame settles atop you.
The ogre closely misses you.
You are too injured to fight recklessly!
You are too injured to fight recklessly!
You are too injured to fight recklessly!
You hit the ogre but do no damage.
Your tail-slap misses the ogre.
The ogre is moderately wounded.
You puncture the ogre! You burn the ogre.
The ogre is severely wounded.
The ogre misses you.
You hit the ogre. You burn the ogre.
The ogre is almost dead.
The ogre hits you with a +0 giant club!
You die...

##.##....######
#.#.......†###### .
#.#.#.#.........#..
#.#.#.#............
#.#.#...........###
#.#.##..........#
#.#.##..........#
######.#....<#.#####.#
.......@.###.#.# .+
.......O.# #...# #
..........###..#
.....!..$.# #..#
..........# #.>.
.........## #####
.........# ?........#


You could see an ogre.

Vanquished Creatures
  Natasha (D:3)
  A hound skeleton (D:4)
  Robin (D:3)
  2 adders
  A worm (D:3)
  4 dart slugs
  5 orcs (D:3)
  5 endoplasms
  A giant cockroach (D:2)
  15 goblins
  7 hobgoblins
  2 jackals (D:2)
  5 kobolds
  A quokka (D:3)
  13 ball pythons
  A bat (D:3)
  A frilled lizard (D:3)
  3 rats
69 creatures vanquished.

Vanquished Creatures (others)
  2 plants (D:2)
2 creatures vanquished.

Grand Total: 71 creatures vanquished

Notes
Turn   | Place    | Note
-------+----------+-------------------------------------------
     0 | D:1      | LadyOphelia the Draconian Cinder Acolyte began the quest
                  | for the Orb.
     0 | D:1      | Reached XP level 1. HP: 19/19 MP: 2/2
    99 | D:1      | Reached XP level 2. HP: 27/27 MP: 3/3
   522 | D:1      | You fall into a shaft and drop 1 floor!
   888 | D:2      | Reached XP level 3. HP: 33/33 MP: 4/4
  1335 | D:2      | Found a faded altar of an unknown god.
  1877 | D:3      | Reached skill level 1 in Dodging
  2397 | D:3      | Noticed Robin
  2403 | D:3      | Reached XP level 4. HP: 40/40 MP: 5/5
  2426 | D:3      | Killed Robin
  3050 | D:3      | Found a broken altar of Ashenzari.
  3299 | D:3      | Noticed Natasha
  3312 | D:3      | Killed Natasha
  3313 | D:3      | Reached skill level 1 in Stealth
  3652 | D:3      | Noticed Natasha
  3738 | D:4      | Reached XP level 5. HP: 46/46 MP: 6/6
  3885 | D:4      | Noticed an ogre
  3897 | D:4      | Slain by an ogre

Illustrated notes

Levels and vault maps discovered:
D:1:      wander_arrival_fairy_ring, layout_loops_corners, minmay_hexomino_f4
D:2:      layout_basic, shapermc_ecumenical_altar_petra, minmay_small_reverse_x
D:3:      layout_loops_cross, ashenzari_conservatory_becter, uniq_natasha,
          uniq_robin
D:4:      layout_basic, zin_angel

Skill      XL: |  1  2  3  4 |
---------------+-------------+-----
Fighting       | 4 |  4.3
Dodging        | 1 |  1.9
Polearms       | 4 |  4.3
Stealth        | 1 |  1.1
Spellcasting   | |  1.0
Fire Magic     | |  3.1

Action                   |  1- 3 |  4- 6 || total
-------------------------+-------+-------++-------
Melee: Spear             |   132 |    95 ||   227
       Tailslap          |     9 |    10 ||    19
Invok: Fiery Armour      |     2 |     1 ||     3
  Use: Scroll            |       |     2 ||     2
 Stab: Sleeping          |       |     1 ||     1
Armor: Skin              |    54 |    30 ||    84
Dodge: Dodged            |    54 |    44 ||    98

Table legend: (Time is in decaauts)
 A = Elapsed time spent in this place.
 B = Non-inter-level travel time spent in this place.
 C = Inter-level travel time spent in this place.
 D = Time resting spent in this place.
 E = Time spent auto-exploring this place.
 F = Levels seen in this place.
 G = Mean time per level.
                   A        B        C        D        E       F      G
               +--------+--------+--------+--------+--------+-----+--------+
         Total |   3877 |   3848 |     29 |    774 |   2432 |   4 |  969.2 |
       Dungeon |   3877 |   3848 |     29 |    774 |   2432 |   4 |  969.2 |
               +--------+--------+--------+--------+--------+-----+--------+

Top non-repeatable levels by time:
     D:3: 1805 daAuts
     D:2: 1335 daAuts
     D:1: 520 daAuts
     D:4: 216 daAuts
